AoeStats
← ThePurifier

Arabia

509763980Analyzed
1v1 RM · 6d ago on Sep 27, 2026· 61m 54s· 2 players
Game mode
Random Map
Map size
Tiny (2 player)
Population
200
Speed
Normal
Resources
Standard
Victory
Conquest
Starting age
Dark Age
Ending age
Imperial Age
RankedLock teamsTeams togetherTeam positionsShared explorationLock speedFull tech treeHidden civsTurbo modeCheats
Victory
Defeat
🇦🇷 Mongols · Argentina
1040
+15
🇨🇱 Italians · Chile
1027
-15
Elchileno
4:21 Loom
10:16 Feudal Age
13:00 Double-Bit Axe
15:57 Bloodlines
16:04 Horse Collar
21:23 Castle Age
19:56 Gold Mining
20:00 Fletching
21:23 Padded Archer Armor
23:47 Elite Skirmisher
24:19 Town Watch
25:53 Bow Saw
26:57 Bodkin Arrow
42:28 Imperial Age
41:04 Town Patrol
41:42 Wheelbarrow
41:57 Masonry
42:08 Ballistics
43:18 Silk Road
43:17 Leather Archer Armor
42:52 Light Cavalry
44:18 Conscription
44:50 Bracer
45:51 Hand Cart
45:52 Husbandry
47:06 Elite Genoese Crossbowman
48:54 Ring Archer Armor
50:42 Hoardings
52:58 Chemistry
52:29 Architecture
54:02 Scale Barding Armor
61:44 Chain Barding Armor
61:40 Heavy Plow
61:14 Hussar
ThePurifier
0:26 Loom
9:17 Feudal Age
9:50 Double-Bit Axe
18:53 Castle Age
18:12 Scale Barding Armor
18:52 Gold Mining
19:41 Wheelbarrow
19:59 Chain Barding Armor
20:07 Forging
20:33 Bloodlines
20:49 Husbandry
28:29 Bow Saw
28:29 Horse Collar
32:10 Hand Cart
36:29 Stone Mining
40:55 Imperial Age
40:00 Fletching
40:41 Ballistics
41:04 Bodkin Arrow
41:01 Onager
42:14 Bracer
43:03 Padded Archer Armor
43:11 Thumb Ring
43:32 Parthian Tactics
44:00 Conscription
43:34 Siege Onager
44:40 Drill
45:52 Chemistry
45:59 Siege Engineers
46:33 Elite Mangudai
47:59 Leather Archer Armor
47:12 Light Cavalry
50:40 Iron Casting
51:07 Town Watch
50:58 Hussar
Connection lost

Rejoining the realm…

Still unreachable

The connection could not be restored.

Session expired

The server has moved on; the page needs a fresh start.